 Dungeon Crawl Stone Soup version 0.22-a0-609-gfedc9ff (webtiles) character file.

319 Hebeh the Magician (level 6, -4/32 HPs)
             Began as a Deep Elf Fire Elementalist on July 10, 2018.
             Slain by an ogre
             ... wielding a +0 giant spiked club
              (28 damage)
             ... on level 4 of the Dungeon.
             The game lasted 00:19:50 (4218 turns).

Hebeh the Magician (Deep Elf Fire Elementalist)     Turns: 4218, Time: 00:19:51

Health: -4/32      AC:  2    Str:  6    XL:     6   Next: 21%
Magic:  10/15      EV: 13    Int: 21    God:
Gold:   182        SH:  0    Dex: 15    Spells: 9/15 levels left

rFire    . . .     SeeInvis .   b - +1 hunting sling
rCold    . . .     Gourm    .   (no shield)
rNeg     . . .     Faith    .   n - +0 robe (curse)
rPois    .         Spirit   .   (no helmet)
rElec    .         Reflect  .   (no cloak)
rCorr    .         Harm     .   (no gloves)
MR       .....                  (no boots)
Stlth    ++........             (no amulet)
HPRegen  0.10/turn              (no ring)
MPRegen  0.14/turn              (no ring)

@: no status effects
A: no striking features
a: no special abilities


You were on level 4 of the Dungeon.
You were not hungry.

You visited 1 branch of the dungeon, and saw 4 of its levels.

You collected 182 gold pieces.

Inventory:

Hand Weapons
 a - a +0 lajatang
 b - a +1 hunting sling (weapon)
 o - a +0 hand axe
Missiles
 h - 58 stones (quivered)
Armour
 g - a +0 robe
 n - a cursed +0 robe (worn)
Scrolls
 e - 4 scrolls of identify
 f - a scroll of remove curse {unknown}
 i - 2 scrolls of amnesia {unknown}
 q - 2 scrolls of enchant armour {unknown}
Potions
 d - 2 potions of haste
 j - a potion of curing {unknown}
 l - a potion of mutation {unknown}
 m - a potion of cancellation {unknown}
 p - a potion of flight {unknown}
Comestibles
 c - 9 rations
 k - 4 chunks of flesh


   Skills:
 - Level 2.4 Dodging
 - Level 2.4 Stealth
 + Level 5.0 Spellcasting
 * Level 4.9 Conjurations
 + Level 4.9 Fire Magic


You had 9 spell levels left.
You knew the following spells:

 Your Spells              Type           Power        Failure   Level  Hunger
a - Flame Tongue          Conj/Fire      ####.        1%          1    None
b - Throw Flame           Conj/Fire      ####..       2%          2    None
c - Conjure Flame         Conj/Fire      ####....     4%          3    ##.....

Your spell library contained the following spells:

 Spells                   Type           Power        Failure   Level  Hunger
 Fireball                 Conj/Fire      ####......   38%         5    #####..
 Animate Dead             Necr           N/A          71%         4    ####...
 Pain                     Necr           #...         11%         1    None
 Animate Skeleton         Necr           N/A          11%         1    None
 Vampiric Draining        Necr           #.........   32%         3    ##.....
 Sticky Flame             Conj/Fire      ####....     14%         4    ####...
 Regeneration             Chrm/Necr      #.........   32%         3    ##.....
 Inner Flame              Hex/Fire       ###.....     12%         3    ##.....


Dungeon Overview and Level Annotations

Branches:
Dungeon (4/15)
 Temple: D:4-7

Altars:
Cheibriados
Gozag
Okawaru
Xom


Message History

Aim: an ogre, wielding a giant spiked club (moderately wounded)
The flame tongue misses the ogre.
Some of the chunks of flesh in your inventory have rotted away.
Casting: Flame Tongue (safe; 1% risk of failure)
Confirm with . or Enter, or press ? or * to list all spells.
Aiming: Flame Tongue (safe; 1% risk of failure)
Press: ? - help, Shift-Dir - straight line, f/p - ogre
Aim: an ogre, wielding a giant spiked club (moderately wounded)
The flame tongue misses the ogre.
The ogre hits you with a giant spiked club!
Casting: Flame Tongue (safe; 1% risk of failure)
Confirm with . or Enter, or press ? or * to list all spells.
Aiming: Flame Tongue (safe; 1% risk of failure)
Press: ? - help, Shift-Dir - straight line, f/p - ogre
Aim: an ogre, wielding a giant spiked club (moderately wounded)
The flame tongue hits the ogre.
The ogre is almost dead.
The ogre hits you with a giant spiked club!!
Ouch! That really hurt!
You die...

#########..# #..#
######..#
#.......#
#.####.########
###.####........#
#..........####.#
#.#.######÷# #.#
#.# #@# #÷# #O#
#.# #.# #.# #.#
#.# #.# #.# #.#
..####.####.#####
.................#
...#####.###.###.#


You could see an ogre.

Vanquished Creatures
  An ogre (D:4)
  A hound (D:4)
  An orc wizard (D:3)
  3 gnolls (D:4)
  5 adders
  An ooze (D:2)
  2 dart slugs
  3 worms
  2 leopard geckos
  3 orcs (D:3)
  2 ball pythons
  8 giant cockroaches
  12 goblins
  4 hobgoblins
  11 jackals
  4 kobolds
  3 quokkas
  7 bats
  5 frilled lizards
  4 rats
82 creatures vanquished.

Notes
Turn   | Place    | Note
-------+----------+-------------------------------------------
     0 | D:1      | Hebeh the Deep Elf Fire Elementalist began the quest for the Orb.
     0 | D:1      | Reached XP level 1. HP: 10/10 MP: 6/6
   420 | D:1      | Reached XP level 2. HP: 6/15 MP: 0/8
   912 | D:1      | Reached XP level 3. HP: 19/19 MP: 7/10
  2252 | D:2      | Reached XP level 4. HP: 21/24 MP: 5/11
  2465 | D:3      | Learned a level 2 spell: Throw Flame
  2469 | D:3      | Learned a level 3 spell: Conjure Flame
  2586 | D:3      | Found an opulent altar of Gozag.
  2728 | D:3      | Reached skill level 4 in Spellcasting
  2977 | D:3      | Reached XP level 5. HP: 28/28 MP: 7/13
  3104 | D:3      | Found a faded altar of an unknown god.
  3312 | D:3      | Found an iron altar of Okawaru.
  3491 | D:3      | Found a shimmering altar of Xom.
  3491 | D:3      | Found a snail-covered altar of Cheibriados.
  4002 | D:4      | Noticed an ogre
  4007 | D:4      | Killed an ogre
  4007 | D:4      | Reached XP level 6. HP: 21/32 MP: 6/15
  4162 | D:4      | Reached skill level 5 in Spellcasting
  4218 | D:4      | Slain by an ogre

Vault maps used:
D:1:      dpeg_arrival_water_temple_mockup, serial_glass, glass_columns_a,
          glass_columns_c, glass_columns_a, glass_columns_a, glass_columns_b,
          glass_columns_a, glass_columns_a, glass_columns_b
D:2:      minmay_pentomino_t4
D:3:      marbit_many_paths, lemuel_round_altar,
          gammafunk_temple_overflow_elements, chequers_ecumenical_altar_simple,
          first_ration

Skill      XL: |  1  2  3  4  5  6 |
---------------+-------------------+-----
Conjurations   | 2 3 4 |  4.9
Fire Magic     | 4 |  4.9
Spellcasting   | 4 5 |  5.0
Dodging        | |  2.4
Stealth        | |  2.4

Action                   |  1- 3 |  4- 6 || total
-------------------------+-------+-------++-------
Melee: Unarmed           |     3 |       ||     3
       Hand axe          |     5 |       ||     5
 Fire: Hunting sling     |    18 |    52 ||    70
 Cast: Flame Tongue      |    80 |    69 ||   149
       Conjure Flame     |       |     2 ||     2
       Throw Flame       |       |     2 ||     2
  Use: Scroll            |       |     4 ||     4
  Eat: Chunk             |     2 |     5 ||     7
       Ration            |     1 |       ||     1
Armor: Robe              |    10 |       ||    10
Dodge: Dodged            |    35 |    11 ||    46

Table legend:
 A = Spawn XP
 B = Non-spawn XP
 C = Spawn XP percentage of total XP
 D = Spawn monster count
 E = Non-spawn monster count
 F = Spawn count percentage of total count
 G = Total turns spent on level
                    A         B        C        D         E        F      G
               +---------+---------+-------+---------+---------+-------+---------
         Total |       0 |     456 |   0.0 |       0 |      82 |   0.0 |  4218
               +---------+---------+-------+---------+---------+-------+---------
           D:1 |       0 |      44 |   0.0 |       0 |      23 |   0.0 |  1368
           D:2 |       0 |      64 |   0.0 |       0 |      19 |   0.0 |  1092
           D:3 |       0 |     124 |   0.0 |       0 |      26 |   0.0 |  1180
           D:4 |       0 |     224 |   0.0 |       0 |      14 |   0.0 |   578
               +---------+---------+-------+---------+---------+-------+---------
